 Dungeon Crawl Stone Soup version 0.16-a0-2757-g883b90a (webtiles) character file.

34547 kroki the Severer (level 13, 0/126 HPs)
             Began as a Naga Berserker on Nov 27, 2014.
             Was the Champion of Trog.
             Slain by a 11-headed hydra (8 damage)
             ... on level 5 of the Lair of Beasts.
             The game lasted 00:47:03 (20226 turns).

kroki the Severer (Naga Berserker)                 Turns: 20226, Time: 00:47:03

Health: 0/126      AC: 14    Str: 19    XL:     13   Next: 78%
Magic:  13/13      EV: 12    Int:  8    God:    Trog [******]
Gold:   848        SH:  0    Dex: 19    Spells: 0 memorised, 12 levels left

rFire  . . .     SeeInvis +     P - +4 battleaxe (elec)
rCold  + . .     Clarity  +     d - +2 scale mail {MR+}
rNeg   . . .     SustAb   .     (no shield)
rPois  +         Gourm    .     m - +0 helmet
rElec  .         Spirit   .     (no cloak)
rCorr  .         Warding  .     q - +2 pair of gloves {archery}
rMut   .         Stasis   .     (no barding)
MR     ++++.                    X - amulet of clarity
Stlth  ++++++....               h - +3 ring of dexterity
                                V - ring of protection from cold

@: exhausted, regenerating, slowed, very slow, incredibly resistant to hostile
enchantments, very stealthy
A: spit poison, constrict 1, see invisible, deformed body, poison resistance,
slowness 2, AC +4
a: Spit Poison, Burn Spellbooks, Berserk, Trog's Hand, Brothers in Arms,
Renounce Religion


You were on level 5 of the Lair of Beasts.
You worshipped Trog.
Trog was exalted by your worship.
You were near starving.

You visited 2 branches of the dungeon, and saw 16 of its levels.

You collected 848 gold pieces.

Inventory:

Hand weapons
 C - a +2 antimagic executioner's axe
   (Trog gifted it to you on level 3 of the Lair of Beasts)
 F - a +0 blowgun
   (You took it off a kobold on level 5 of the Dungeon)
 K - a +6 longbow of evasion
   (Trog gifted it to you on level 6 of the Dungeon)
 P - a +4 battleaxe of electrocution (weapon)
   (Trog gifted it to you on level 10 of the Dungeon)
 R - a +4 executioner's axe of chopping
   (Trog gifted it to you on level 11 of the Dungeon)
Missiles
 e - 22 poisoned needles
 k - 48 arrows
 Q - a curare-tipped needle {!f}
 Y - a poisoned javelin (quivered)
Armour
 d - a +2 scale mail of magic resistance (worn)
   (You found it on level 5 of the Lair of Beasts)
 m - a +0 helmet (worn)
   (You found it on level 1 of the Lair of Beasts)
 q - a +2 pair of gloves of archery (worn)
   (You found it on level 4 of the Lair of Beasts)
Jewellery
 h - a +3 ring of dexterity (right hand)
   (You found it on level 2 of the Dungeon)
 l - a cursed ring of teleportation
   (You found it on level 7 of the Dungeon)
 o - an uncursed ring of ice
   (You found it on level 4 of the Dungeon)
 V - a ring of protection from cold (left hand)
   (You found it on level 2 of the Lair of Beasts)
 X - an amulet of clarity (around neck)
   (You found it on level 3 of the Lair of Beasts)
Magical devices
 g - a wand of fireball (0)
   (You took it off Blork the orc on level 4 of the Dungeon)
 t - a wand of fire (9)
   (You found it on level 1 of the Lair of Beasts)
 J - a wand of teleportation (1)
   (You found it on level 10 of the Dungeon)
 M - a wand of draining (0)
   (You found it on level 9 of the Dungeon)
 N - a wand of confusion (8)
   (You found it on level 11 of the Dungeon)
 O - a wand of teleportation (4)
   (You found it on level 10 of the Dungeon)
 T - a wand of disintegration (2)
   (You found it on level 11 of the Dungeon)
Scrolls
 f - 6 scrolls of teleportation
 i - 3 scrolls of recharging
 p - 4 scrolls of immolation
 r - a scroll of enchant armour
 s - a scroll of magic mapping
 u - 2 scrolls of vulnerability
 A - 11 scrolls of remove curse
 S - a scroll of fog
 U - a scroll of enchant weapon
 Z - 2 scrolls of identify
Potions
 a - 4 potions of might
 j - 4 potions of magic
 n - 2 potions of heal wounds
 v - a potion of brilliance
 w - a potion of restore abilities
 x - a potion of poison
 z - 9 potions of curing
 B - a potion of mutation {!q}
 G - 2 potions of invisibility
 I - 2 potions of agility
 L - a potion of haste
Miscellaneous
 y - a fan of gales
   (You found it on level 5 of the Lair of Beasts)
 E - a lamp of fire
   (You found it on level 9 of the Dungeon)
Comestibles
 b - 9 beef jerkies
 c - 16 bread rations
 D - a meat ration
 H - 3 fruits
 W - a chunk of flesh


   Skills:
 + Level 10.8 Fighting
 * Level 15.4 Axes
 * Level 2.2 Armour
 - Level 8.5 Dodging
 - Level 13.9 Stealth


You had 12 spell levels left.
You didn't know any spells.


Innate Abilities, Weirdness & Mutations

You cannot wear boots.
You can spit poison.
You can use your snake-like lower body to constrict enemies.
Your serpentine skin is tough (AC +4).
You have supernaturally acute eyesight.
Armour fits poorly on your strangely shaped body.
Your system is resistant to poisons.
You cover ground very slowly.

Dungeon Overview and Level Annotations

Branches:
Dungeon (11/15)            Temple (0/1) D:4            Lair (5/8) D:11
  Swamp (0/5) Lair:3        Snake (0/5) Lair:4          Orc (0/4) D:10

Altars:
Ashenzari
Cheibriados
Dithmenos
Elyvilon
Gozag
Makhleb
Okawaru
Qazlal
Vehumet
Xom
Zin
The Shining One

Shops:
D:4

% ## .## #####.#.
#...####...P.#.#
##.....(.......#
#...............##
#...............#
#.....|........#
##.......D@.....#
#................#
#..............###
##.............#
##..#.......#.#
#######.PP####.## ##
#.#.##...P# ## P###
##..#..#.##...#
...###.............#


You could see a 11-headed hydra.


Message History

The 11-headed hydra bites you.
* * * LOW HITPOINT WARNING * * *
The 11-headed hydra bites you but does no damage.
The 11-headed hydra bites you!
* * * LOW HITPOINT WARNING * * *
The 11-headed hydra bites you.
* * * LOW HITPOINT WARNING * * *
The 11-headed hydra bites you.
* * * LOW HITPOINT WARNING * * *
The 11-headed hydra bites you but does no damage.
You take 30 damage.
You feel a strong urge to attack something.
You are no longer berserk.
You are exhausted.
You feel yourself slow down.
You are near starving!
You take 3 damage.
Read which item? (? for menu, Esc to quit)
Okay, then.
Unknown command.
Drink which item? (? for menu, Esc to quit)
You feel much better. The 11-headed hydra bites you!
* * * LOW HITPOINT WARNING * * *
The 11-headed hydra bites you but does no damage.
The 11-headed hydra bites you.
* * * LOW HITPOINT WARNING * * *
The 11-headed hydra bites you!
* * * LOW HITPOINT WARNING * * *
The 11-headed hydra bites you!
You die...

Notes
Turn   | Place    | Note
--------------------------------------------------------------
     0 | D:1      | kroki, the Naga Berserker, began the quest for the Orb.
     0 | D:1      | Reached XP level 1. HP: 21/21 MP: 1/1
   186 | D:1      | Reached skill level 1 in Stealth
   187 | D:1      | Reached XP level 2. HP: 14/28 MP: 2/2
   905 | D:2      | Reached XP level 3. HP: 20/34 MP: 3/3
  1083 | D:2      | Reached skill level 4 in Axes
  1083 | D:2      | Reached skill level 3 in Stealth
  1192 | D:2      | Acquired Trog's second power
  1235 | D:2      | Reached XP level 4. HP: 40/42 MP: 4/4
  1316 | D:2      | Found a burning altar of Makhleb.
  1502 | D:2      | Reached XP level 5. HP: 49/49 MP: 5/5
  1606 | D:2      | Found a white marble altar of Elyvilon.
  2072 | D:3      | Reached skill level 5 in Axes
  2079 | D:3      | Noticed kroki's ghost (average VSAM)
  2170 | D:3      | Killed kroki's ghost
  2170 | D:3      | Reached skill level 5 in Stealth
  2170 | D:3      | Reached XP level 6. HP: 56/56 MP: 6/6
  2250 | D:3      | Found a shimmering altar of Xom.
  3240 | D:3      | Reached skill level 6 in Axes
  3326 | D:4      | Found Jongikh's Food Emporium.
  3429 | D:4      | Found a staircase to the Ecumenical Temple.
  3443 | D:4      | Found a snail-covered altar of Cheibriados.
  3448 | D:4      | Found an opulent altar of Gozag.
  3448 | D:4      | Found a glowing golden altar of the Shining One.
  3566 | D:4      | Reached skill level 6 in Stealth
  3642 | D:4      | Reached XP level 7. HP: 58/62 MP: 7/7
  3740 | D:4      | Found a glowing silver altar of Zin.
  3806 | D:4      | Acquired Trog's third power
  3821 | D:4      | Noticed Blork the orc
  3831 | D:4      | Killed Blork the orc
  4169 | D:4      | Reached skill level 7 in Axes
  4324 | D:5      | Entered Level 5 of the Dungeon
  4335 | D:5      | Found a shadowy altar of Dithmenos.
  4364 | D:5      | Noticed Dowan
  4365 | D:5      | Noticed Duvessa
  4370 | D:5      | Killed Dowan
  4374 | D:5      | Killed Duvessa
  4464 | D:5      | Noticed Edmund
  4470 | D:5      | Killed Edmund
  4523 | D:5      | Noticed Ijyb
  4559 | D:5      | Killed Ijyb
  4691 | D:5      | Reached XP level 8. HP: 57/69 MP: 8/8
  4831 | D:5      | Reached skill level 8 in Axes
  5026 | D:5      | Reached skill level 8 in Stealth
  6194 | D:6      | Received a gift from Trog
  6212 | D:6      | Noticed kroki's ghost (experienced MiWr)
  6554 | D:6      | Killed kroki's ghost
  6554 | D:6      | Reached skill level 9 in Axes
  6554 | D:6      | Reached skill level 3 in Dodging
  6554 | D:6      | Reached XP level 9. HP: 78/78 MP: 9/9
  7579 | D:7      | Reached skill level 5 in Fighting
  7774 | D:7      | Noticed a green ugly thing
  7795 | D:7      | Killed a green ugly thing
  7795 | D:7      | Reached skill level 10 in Axes
  7795 | D:7      | Reached skill level 10 in Stealth
  7801 | D:7      | HP: 4/81 [poisoned by a green ugly thing]
  7806 | D:7      | HP: 3/81 [poisoned by a green ugly thing]
  7818 | D:7      | HP: 4/81 [poisoned by a green ugly thing]
  7824 | D:7      | HP: 4/81 [poisoned by a green ugly thing]
  7832 | D:7      | HP: 4/81 [poisoned by a green ugly thing]
  8286 | D:8      | Found a radiant altar of Vehumet.
  8400 | D:8      | Found a shattered altar of Ashenzari.
  8402 | D:8      | Reached XP level 10. HP: 88/88 MP: 10/10
  8430 | D:8      | Found an iron altar of Okawaru.
  8945 | D:8      | Identified a scroll of acquirement
  8994 | D:9      | Reached skill level 6 in Fighting
  9177 | D:9      | Reached skill level 11 in Stealth
  9656 | D:9      | Reached skill level 5 in Dodging
  9768 | D:10     | Entered Level 10 of the Dungeon
 10066 | D:10     | Found a staircase to the Orcish Mines.
 10188 | D:10     | Noticed Urug
 10204 | D:10     | Killed Urug
 10204 | D:10     | Reached skill level 12 in Stealth
 10204 | D:10     | Reached XP level 11. HP: 17/100 MP: 11/11
 10775 | D:10     | Noticed a hill giant
 10784 | D:10     | Killed a hill giant
 10799 | D:10     | Reached skill level 12 in Axes
 11061 | D:10     | Noticed Psyche
 11070 | D:10     | Killed Psyche
 11538 | D:10     | Received a gift from Trog
 11552 | D:10     | Noticed Sonja
 11745 | D:10     | Noticed a hill giant
 11755 | D:10     | Killed a hill giant
 11778 | D:10     | Found a stormy altar of Qazlal.
 12037 | D:11     | Reached skill level 6 in Dodging
 12582 | D:11     | Received a gift from Trog
 12742 | D:11     | Noticed Grum
 12753 | D:11     | Killed Grum
 12789 | D:11     | Noticed a hill giant
 12800 | D:11     | Killed a hill giant
 12800 | D:11     | Reached skill level 8 in Fighting
 12800 | D:11     | Reached skill level 13 in Stealth
 13164 | D:11     | Noticed Erica
 13173 | D:11     | Killed Erica
 13418 | D:11     | Reached XP level 12. HP: 84/111 MP: 12/12
 13830 | D:11     | Found a staircase to the Lair.
 14398 | D:10     | Killed Sonja
 14467 | Lair:1   | Entered Level 1 of the Lair of Beasts
 16332 | Lair:2   | Got an ancient scale mail
 16343 | Lair:2   | Identified the cursed -4 scale mail of Vitrownyi {+Inv rPois} (You found it on level 2 of the Lair of Beasts)
 17263 | Lair:3   | Received a gift from Trog
 17470 | Lair:3   | Reached skill level 14 in Axes
 17642 | Lair:3   | Got a faintly glowing robe
 17732 | Lair:3   | Found a staircase to the Swamp.
 18079 | Lair:3   | Reached XP level 13. HP: 123/123 MP: 13/13
 18129 | Lair:3   | Received a gift from Trog
 18456 | Lair:4   | Found a staircase to the Snake Pit.
 18467 | Lair:4   | Reached skill level 10 in Fighting
 18471 | Lair:4   | Reached skill level 8 in Dodging
 19482 | Lair:4   | Reached skill level 15 in Axes
 19632 | Lair:5   | Received a gift from Trog
 20204 | Lair:5   | Noticed Fannar
 20216 | Lair:5   | Killed Fannar
 20222 | Lair:5   | HP: 9/189 [11-headed hydra (6)]
 20226 | Lair:5   | Slain by a 11-headed hydra

Vanquished Creatures
  Fannar (Lair:5)
  A hydra (Lair:4)
  Erica (D:11)
  Urug (D:10)
  An unseen horror (D:11)
  4 ugly things
  3 hill giants
  3 elephants (Lair:5)
  12 black mambas
  The ghost of kroki the Cleaver, an experienced MiWr (D:6)
  Psyche (D:10)
  4 spiny frogs
  A queen ant (Lair:3)
  A fire drake (Lair:5)
  A komodo dragon (Lair:4)
  Sonja (D:10)
  A troll (D:11)
  14 blink frogs
  6 basilisks
  A spriggan (D:9)
  A deep elf fighter (D:11)
  A wyvern (D:9)
  Grum (D:11)
  A hungry ghost (D:8)
  23 yaks
  2 hippogriffs
  A warg (D:10)
  13 water moccasins
  Edmund (D:5)
  8 wolves
  6 soldier ants (Lair:3)
  2 swamp worms (Lair:3)
  4 sky beasts
  5 orc warriors
  The ghost of kroki the Cutter, an average VSAM (D:3)
  13 porcupines
  An ice beast (D:7)
  5 ogres
  A yellow wasp (D:11)
  3 black bears
  2 phantoms (D:7)
  8 centaurs
  5 crocodiles
  Duvessa (D:5)
  Blork the orc (D:4)
  2 big kobolds
  7 giant frogs
  2 scorpions
  3 wights (D:10)
  3 killer bees (D:10)
  5 crimson imps
  Dowan (D:5)
  2 giant frog zombies
  10 hounds
  2 jellies
  3 centaur skeletons
  An orc priest (D:10)
  An orange rat (Lair:1)
  A yellow wasp zombie (D:10)
  4 giant frog skeletons
  9 orc wizards
  7 iguanas
  30 worker ants
  13 sheep
  Ijyb (D:5)
  3 hound skeletons
  A hound zombie (D:8)
  70 river rats
  A worker ant zombie (D:11)
  20 adders
  10 gnolls
  2 giant mites
  4 shadow imps
  6 worms
  2 adder skeletons
  An adder zombie (D:8)
  An ooze (D:3)
  48 orcs
  2 bat skeletons (D:4)
  8 giant cockroaches
  18 goblins
  18 hobgoblins
  20 jackals
  15 quokkas
  3 ball pythons
  22 bats
  2 giant geckos
  9 giant newts
  2 giant spores
  32 kobolds
  A quokka skeleton (D:4)
  39 rats
  A ballistomycete (D:10)
  3 fungi
  6 plants (D:11)
646 creatures vanquished.

Vanquished Creatures (collateral kills)
  A hound zombie (D:10)
1 creature vanquished.

Vanquished Creatures (others)
  2 fungi
2 creatures vanquished.

Grand Total: 649 creatures vanquished

Action                   |  1- 3 |  4- 6 |  7- 9 | 10-12 | 13-15 || total
-------------------------+-------+-------+-------+-------+-------++-------
Melee: Hand axe          |    57 |   109 |    20 |       |       ||   186
       War axe           |       |       |   282 |    22 |       ||   304
       Executioner's axe |       |       |       |   151 |       ||   151
       Battleaxe         |       |       |       |   388 |   204 ||   592
 Fire: Hunting sling     |    15 |    84 |    27 |       |       ||   126
       Blowgun           |       |       |    70 |   233 |     8 ||   311
       Longbow           |       |       |    48 |    79 |    27 ||   154
Throw: Javelin           |    12 |    55 |     9 |    44 |    12 ||   132
Invok: Berserk           |     2 |     3 |     6 |    15 |     4 ||    30
       Trog's Hand       |       |     1 |     1 |     2 |     4 ||     8
       Burn Spellbooks   |       |       |     1 |     1 |     1 ||     3
 Abil: Spit Poison       |       |       |     1 |       |       ||     1
Evoke: Wand              |       |       |     2 |     9 |       ||    11
       Lamp of fire      |       |       |       |     1 |       ||     1
  Use: Scroll            |     5 |     5 |    17 |    10 |     3 ||    40
       Potion            |       |       |       |       |     1 ||     1
 Stab: Sleeping          |       |       |    27 |    57 |    11 ||    95
       Distracted        |       |       |     1 |     3 |     1 ||     5
       Confused          |       |       |       |     4 |       ||     4
  Eat: Bread ration      |     1 |       |       |     3 |       ||     4
       Meat ration       |       |     1 |     2 |     1 |       ||     4
       Chunk             |       |     4 |     9 |    19 |     9 ||    41
       Pizza             |       |       |     2 |     3 |     1 ||     6
       Royal jelly       |       |       |     1 |       |       ||     1
       Beef jerky        |       |       |       |     1 |       ||     1
       Fruit             |       |       |       |       |     2 ||     2

Vault maps used:
D:1:      dpeg_arrival_ternary, minmay_misc_feat_tiny
D:2:      makhleb_grotto_becter, elyvilon_altar_1
D:3:      nicolae_overflow_hidden_temple, grunt_decor_cap
D:4:      zin_academy, grunt_temple_overflow_open, minmay_temple_entry_junction,
          serial_bayou, serial_bayou_pond_d, serial_bayou_ford_a,
          serial_bayou_lagoon_a, serial_bayou_shore_b, first_bread,
          serial_shops, shop, uniq_blork_the_orc
D:5:      corexii_shantytown, old_standard_altar, uniq_iyjb, uniq_edmund,
          uniq_duvessa
D:6:      minmay_stone_trees_medium, kennysheep_another_room
D:8:      lemuel_coloured_pillars_altar, vehumet_crystals,
          cheibrodos_ashenzari_chains
D:9:      the_bakery
D:10:     erik_orc_3, basic_altar, uniq_urug, uniq_psyche, uniq_sonja
D:11:     grunt_lair_entry_elf_guard_hut, uniq_erica, uniq_grum
Lair:1:   kennysheep_abandoned_house, lemuel_fruit_tree
Lair:2:   st_stairs_3
Lair:3:   minmay_swamp_entry_worms, zaba_antful_of_joy
Lair:4:   minmay_snake_entry_six_corridors, lemuel_fruit_fields
Lair:5:   grunt_megastairs_4, uniq_fannar
